 Dungeon Crawl Stone Soup version 0.30-a0-959-g3818848631 (webtiles) character file.

Game seed: 8747640828789492218

854 Grim the Insei (level 8, -2/48 HPs)
             Began as an Octopode Transmuter on Mar 30, 2023.
             Slain by an orc
             ... wielding a +0 whip
              (3 damage)
             ... on level 5 of the Dungeon.
             The game lasted 00:08:17 (4594 turns).

Grim the Insei (Octopode Transmuter)                Turns: 4594, Time: 00:08:18

Health: -2/48      AC:  1    Str: 11    XL:     8   Next: 1%
Magic:  8/11       EV: 13    Int: 15    God:
Gold:   212        SH:  0    Dex: 13    Spells: 5/11 levels left

rFire   . . .      SeeInvis .      - Unarmed
rCold   . . .      Faith    .    (no shield)
rNeg    . . .      Spirit   .    w - melded +1 hat
rPois   .          Reflect  .    (no amulet)
rElec   .          Rampage  .    (no ring)
rCorr   .                        (no ring)
Will    .....                    (no ring)
Stlth   ++                       (no ring)
HPRegen 0.28/turn                (no ring)
MPRegen 0.12/turn                (no ring)
                                 (no ring)
                                 (no ring)

@: appendages, wereblooded
A: tentacle spike 3, almost no armour, amphibious, 8 rings, camouflage 1,
gelatinous body 1, (nimble swimmer 1), tentacles
a: End Transformation


You were on level 5 of the Dungeon.
One of your tentacles had grown a beastly spike.
You visited 1 branch of the dungeon, and saw 5 of its levels.
You also visited: Ossuary.

You collected 212 gold pieces.

Inventory:

Armour
 w - a +1 hat (melded)
Jewellery
 v - a +6 ring of intelligence
Scrolls
 b - 2 scrolls of noise {unknown}
 c - 4 scrolls of immolation {unknown}
 e - 8 scrolls of identify {unknown}
 f - 4 scrolls of teleportation {unknown}
 g - a scroll of amnesia {unknown}
 m - a scroll of brand weapon {unknown}
 n - a scroll of fog {unknown}
 p - a scroll of enchant armour {unknown}
 q - 2 scrolls of blinking {unknown}
 r - a scroll of poison {unknown}
 s - a scroll of fear {unknown}
 u - a scroll of vulnerability {unknown}
Potions
 a - 3 potions of lignification
 d - 3 potions of might
 h - a potion of haste {unknown}
 i - a potion of cancellation {unknown}
 j - 4 potions of curing
 k - 2 potions of brilliance {unknown}
 l - 2 potions of mutation {unknown}
 o - 3 potions of degeneration {unknown}
 t - a potion of magic {unknown}


   Skills:
 - Level 1.0 Fighting
 - Level 2.0 Dodging
 + Level 6.8 Unarmed Combat
 - Level 2.0 Spellcasting
 + Level 6.4 Transmutations
 + Level 0.4 Poison Magic


You had 5 spell levels left.
You knew the following spells:

 Your Spells              Type           Power      Damage    Failure   Level
a - Beastly Appendage     Tmut           40%        N/A       1%          1
b - Wereblood             Tmut           20%        N/A       2%          2
c - Spider Form           Tmut/Pois      11%        N/A       16%         3

Your spell library contained the following spells:

 Spells                   Type           Power      Damage    Failure   Level
 Freeze                   Ice            4%         1d3       22%         1
 Ice Form                 Ice/Tmut       11%        N/A       52%         4
 Frozen Ramparts          Ice            2%         1d1       54%         3
 Hailstorm                Conj/Ice       1%         3d3       54%         3


Dungeon Overview and Level Annotations

Branches:
Dungeon (5/15)            Ossuary (visited)
 Temple: D:4-7

Altars:
Cheibriados
Fedhas
Hepliaklqana
Kikubaaqudgha
Qazlal
Sif Muna
Uskayaw
The Shining One

Shops:
D:4 (


Innate Abilities, Weirdness & Mutations

One of your tentacles has grown a beastly spike.
You cannot wear most types of armour.
You are amphibious.
You can wear up to eight rings at the same time.
Your skin changes colour to match your surroundings (Stealth+).
Your rubbery body absorbs attacks. (AC +1, EV +1)
((You are camouflaged when in or above water. (Stealth+)))
You have tentacles for arms and can constrict up to eight enemies at once.


Message History

The orc barely misses you.
You feel better.
You howl as the wereblood boils in your veins!
You constrict the orc wizard.
You hear a bark!
The orc hits you with a +0 dagger.
* * * LOW HITPOINT WARNING * * *
The orc hits you with a +0 club.
* * * LOW HITPOINT WARNING * * *
The orc wizard hits you but does no damage.
You tentacle-slap the orc wizard but do no damage.
Your tentacle spike misses the orc wizard.
The orc wizard is moderately wounded.
You constrict the orc wizard. The orc misses you. The orc wizard misses you.
A hound comes into view.
Unknown command.
You tentacle-slap the orc wizard.
The orc wizard is severely wounded.
You constrict the orc wizard. The orc misses you. The orc closely misses you.
The orc wizard hits you with a +0 dagger.
* * * LOW HITPOINT WARNING * * *
The orc completely misses you.
Unknown command.
You tentacle-slap the orc wizard.
You feel a bit better.
You kill the orc wizard!
You howl as the wereblood boils in your veins!
The orc closely misses you. The orc barely misses you.
The orc hits you with a +0 whip.
* * * LOW HITPOINT WARNING * * *
You have reached level 8!
You feel better.
The hound pauses to sniff the ground.
The orc barely misses you. x2; The orc hits you with a +0 dagger.
* * * LOW HITPOINT WARNING * * *
You closely miss the hound. Your grab misses the hound.
You pierce the hound.
The hound is moderately wounded.
The hound bites you.
* * * LOW HITPOINT WARNING * * *
The orc hits you but does no damage. x2; The orc hits you with a +0 whip.
You die...

...♣♣ ..#
...♣. ♣..#
.....♣♣.
...## .......
....#
#....###...
#.......#
#...h...#
#.o@..#
##oo).#
#....#
##...###.#
#........
#..........
#......###...
......#..#
#..
....###..# ##


You could see a hound and 3 orcs.

Vanquished Creatures
  Sigmund (D:3)
  A wraith (Ossuary)
  A black bear (D:4)
  An elf zombie (D:4)
  A bullfrog (D:4)
  A human zombie (D:4)
  A jelly (D:4)
  3 human skeletons (D:4)
  Ijyb (D:3)
  An orc wizard (D:5)
  A mummy (Ossuary)
  2 adders
  An ufetubus (D:4)
  3 dart slugs
  7 orcs
  3 ball pythons (D:1)
  4 endoplasms
  2 giant cockroaches
  7 hobgoblins
  9 jackals
  10 kobolds
  2 quokkas (D:2)
  3 bats
  2 frilled lizards
  5 gnoll skeletons (Ossuary)
  6 goblins
  4 kobold skeletons (Ossuary)
  17 orc skeletons
  8 rats
108 creatures vanquished.

Notes
Turn   | Place    | Note
-------+----------+-------------------------------------------
     0 | D:1      | Grim the Octopode Transmuter began the quest for the Orb.
     0 | D:1      | Reached XP level 1. HP: 13/13 MP: 3/3
    96 | D:1      | Reached XP level 2. HP: 6/18 MP: 3/5
   490 | D:1      | Reached XP level 3. HP: 19/23 MP: 4/6
   953 | D:2      | You fall into a shaft and drop 2 floors!
   966 | D:4      | Learned a level 2 spell: Wereblood
   999 | D:4      | Found a shimmering blue altar of Sif Muna.
  1052 | D:4      | Found Ifrojoryno's Antique Weapon Emporium.
  1132 | D:4      | Found a blossoming altar of Fedhas.
  1132 | D:4      | Noticed a bullfrog
  1137 | D:4      | Killed a bullfrog
  1138 | D:4      | Reached XP level 4. HP: 11/28 MP: 5/7
  1233 | D:4      | Reached XP level 5. HP: 31/33 MP: 6/8
  1339 | D:4      | Noticed a black bear
  1470 | D:4      | Found a sand-covered staircase.
  1481 | Ossuary  | Entered an ossuary
  1481 | Ossuary  | Noticed a wraith
  1481 | Ossuary  | Noticed a wraith
  1481 | Ossuary  | Noticed a wraith
  1526 | Ossuary  | Reached skill level 5 in Unarmed Combat
  1536 | Ossuary  | Reached XP level 6. HP: 38/38 MP: 6/9
  1585 | Ossuary  | Noticed a wraith
  1617 | Ossuary  | Killed a wraith
  1618 | Ossuary  | Reached skill level 5 in Transmutations
  2010 | D:4      | Reached XP level 7. HP: 40/43 MP: 10/10
  2420 | D:5      | Entered Level 5 of the Dungeon
  2459 | D:3      | Noticed Sigmund
  2465 | D:3      | Killed Sigmund
  2957 | D:3      | Noticed Ijyb
  2972 | D:3      | Killed Ijyb
  2973 | D:3      | HP: 2/43 [poisoned by a kobold]
  3239 | D:3      | Found a stormy altar of Qazlal.
  3245 | D:3      | Found a snail-covered altar of Cheibriados.
  3248 | D:3      | Found a glowing golden altar of the Shining One.
  3248 | D:3      | Found a hide-covered altar of Uskayaw.
  3255 | D:3      | Found a hazy altar of Hepliaklqana.
  3328 | D:3      | Found an ancient bone altar of Kikubaaqudgha.
  4549 | D:3      | Learned a level 3 spell: Spider Form
  4592 | D:5      | HP: 2/43 [orc/+0 whip (4)]
  4593 | D:5      | Reached XP level 8. HP: 2/48 MP: 8/11
  4594 | D:5      | Slain by an orc

Illustrated notes

Levels and vault maps discovered:
D:1:      roderic_chinese_lattice_arrival, layout_loops_ring, minivault_4,
          minmay_tall_x
D:2:      layout_loops_cross, grunt_decor_cap
D:3:      layout_basic, nicolae_overflow_hallway_of_the_gods,
          mainiacjoe_overflow_alcove_2, dk_noncrumbling_2,
          chequers_serial_rivers_micro_b, uniq_sigmund, uniq_ijyb
D:4:      layout_cave_pools, lemuel_tele_altar,
          mainiacjoe_overflow_surrounded_room, serial_shops,
          nicolae_shop_behind_doors, nicolae_ossuary_entry_catacombs
D:5:      layout_layer_cave, mainiacjoe_overflow_small_starburst,
          gammafunk_temple_overflow_elements

Skill      XL: |  1  2  3  4  5  6  7 |
---------------+----------------------+-----
Transmutations | 3 4 5 6 |  6.4
Unarmed Combat | 4 5 6 |  6.8
Fighting       | |  1.0
Dodging        | |  2.0
Spellcasting   | |  2.0
Poison Magic   | |  0.4

Action                     |  1- 3 |  4- 6 |  7- 9 || total
---------------------------+-------+-------+-------++-------
  Melee: Unarmed           |    69 |    85 |    74 ||   228
         Kick              |     8 |    24 |    19 ||    51
         Constrict         |    15 |    24 |    21 ||    60
         Tentacles         |    11 |    21 |    10 ||    42
         Punch             |     3 |     3 |     5 ||    11
   Cast: Beastly Appendage |     9 |     9 |    10 ||    28
         Wereblood         |       |     2 |     1 ||     3
    Use: Potion            |       |     2 |     4 ||     6
   Stab: Sleeping          |     3 |     3 |     3 ||     9
 Armour: Skin              |     5 |    11 |     7 ||    23
  Dodge: Dodged            |    39 |    59 |    47 ||   145

Table legend: (Time is in decaauts)
 A = Elapsed time spent in this place.
 B = Non-inter-level travel time spent in this place.
 C = Inter-level travel time spent in this place.
 D = Time resting spent in this place.
 E = Time spent auto-exploring this place.
 F = Levels seen in this place.
 G = Mean time per level.
                   A        B        C        D        E       F      G
               +--------+--------+--------+--------+--------+-----+--------+
         Total |   4580 |   4242 |    338 |   1096 |   2514 |   6 |  763.3 |
       Dungeon |   4077 |   3739 |    338 |    801 |   2389 |   5 |  815.4 |
       Ossuary |    503 |    503 |      0 |    295 |    125 |   1 |  503.0 |
               +--------+--------+--------+--------+--------+-----+--------+

Top non-repeatable levels by time:
     D:3: 1247 daAuts
     D:4: 987 daAuts
     D:2: 917 daAuts
     D:1: 886 daAuts
 Ossuary: 503 daAuts
     D:5: 38 daAuts
